 Dungeon Crawl Stone Soup version 0.28-a0-984-g3775c66 (webtiles) character file.

Game seed: 18332189004755416038

109 Ayyar the Chopper (level 4, -24/40 HPs)
             Began as a Hill Orc Fighter on Dec 3, 2021.
             Was an Initiate of Beogh.
             Annihilated by an ogre (28 damage)
             ... on level 3 of the Dungeon.
             The game lasted 00:10:01 (2396 turns).

Ayyar the Chopper (Hill Orc Fighter)                Turns: 2396, Time: 00:10:01

Health: -24/40     AC:  7    Str: 20    XL:     4   Next: 89%
Magic:  5/5        EV:  9    Int:  8    God:    Beogh [......]
Gold:   118        SH:  4    Dex: 10    Spells: 3/3 levels left

rFire   . . .      SeeInvis .   a - +0 war axe
rCold   . . .      Faith    .   c - +0 buckler
rNeg    . . .      Spirit   .   b - +0 scale mail
rPois   .          Reflect  .   (no helmet)
rElec   .          Harm     .   (no cloak)
rCorr   .          Rampage  .   (no gloves)
Will    .....                   (no boots)
Stlth   ..........              (no amulet)
HPRegen 0.13/turn               (no ring)
MPRegen 0.09/turn               (no ring)

@: no status effects
A: no striking features
a: Renounce Religion


You were on level 3 of the Dungeon.
You worshipped Beogh.
Beogh was noncommittal.
You visited 1 branch of the dungeon, and saw 4 of its levels.

You collected 118 gold pieces.

Inventory:

Hand Weapons
 a - a +0 war axe (weapon)
Missiles
 g - 3 boomerangs (quivered)
Armour
 b - a +0 scale mail (worn)
 c - a +0 buckler (worn)
Wands
 n - a wand of acid (13)
Scrolls
 f - a scroll of brand weapon {unknown}
 h - a scroll of identify
 i - a scroll of magic mapping {unknown}
 j - a scroll of enchant weapon {unknown}
 k - a scroll of blinking {unknown}
 l - a scroll of enchant armour {unknown}
 o - a scroll of noise {unknown}
Potions
 d - a potion of might
 e - 2 potions of curing
 m - a potion of cancellation
 p - a potion of heal wounds {unknown}
 q - a potion of flight {unknown}
 r - a potion of attraction {unknown}


   Skills:
 + Level 4.1 Fighting
 * Level 4.2 Axes
 + Level 3.7 Armour
 + Level 3.7 Shields
 - Level 2.0 Invocations
 + Level 1.1 Evocations


You had 3 spell levels left.
You didn't know any spells.
Your spell library was empty.

Dungeon Overview and Level Annotations

Branches:
Dungeon (4/15)
 Temple: D:4-7

Altars:

Shops:
D:1 (   D:3 (


Message History

The ogre hits you with a +0 giant spiked club!
The orc hits you with a +0 mace.
You escape the ball python's grasp.
The goblin shoots a stone.
The stone barely misses you. You block the ball python's attack.
The ball python grabs you. The ball python constricts you.
You escape the ball python's grasp.
The goblin shoots a stone.
You block the stone.
There is a stone staircase leading down here.
The ball python bites you but does no damage.
The ball python grabs you.
You stop descending the stairs.
The ball python constricts you.
The ogre hits you with a +0 giant spiked club.
You escape the ball python's grasp.
The goblin shoots a stone.
The stone completely misses you. The ball python closely misses you.
The ball python grabs you. The ball python constricts you.
You escape the ball python's grasp.
The goblin shoots a stone.
You block the stone.
It was a potion of curing.
You feel better. The ogre hits you with a +0 giant club!
* * * LOW HITPOINT WARNING * * *
The ball python completely misses you. The ball python barely misses you.
You block the ball python's attack. The ball python grabs you.
The ball python constricts you.
You escape the ball python's grasp.
The goblin shoots a stone.
The stone closely misses you.
There is a stone staircase leading up here.
The goblin shoots a stone.
You block the stone. You block the orc's attack. The scorpion stings you.
* * * LOW HITPOINT WARNING * * *
You climb upwards.
There is a stone staircase leading down here.
Okay, then.
As you read the scroll labelled KOOSIXT LETTU, it crumbles to dust.
It is a scroll of identify.
m - a potion of cancellation The orc barely misses you.
The ogre hits you with a +0 giant spiked club!!
Ouch! That really hurt!
You die...

##################
...............s@########
################Oo......#
#######.................#
........................#
####.....##############.#
.........# #.# ###......#
#.# ..#......# #.#
#.#......########## #.#


You could see an ogre, a scorpion and an orc.

Vanquished Creatures
  4 adders
  An adder skeleton (D:4)
  11 bats
  5 endoplasms
  3 giant cockroaches
  4 goblins
  13 hobgoblins
  4 jackals (D:2)
  5 kobolds
  2 quokkas
  3 ball pythons
  3 frilled lizards
  3 rats
61 creatures vanquished.

Vanquished Creatures (others)
  An orc priest (D:4)
  3 orcs (D:4)
  A hobgoblin (D:4)
  A fungus (D:4)
6 creatures vanquished.

Grand Total: 67 creatures vanquished

Notes
Turn   | Place    | Note
-------+----------+-------------------------------------------
     0 | D:1      | Ayyar the Hill Orc Fighter began the quest for the Orb.
     0 | D:1      | Reached XP level 1. HP: 19/19 MP: 1/1
    60 | D:1      | Reached XP level 2. HP: 24/27 MP: 2/2
   156 | D:1      | Found Exawk's Antique Weapon Shoppe.
   348 | D:1      | Reached XP level 3. HP: 30/33 MP: 3/3
   661 | D:1      | Reached skill level 1 in Invocations
  1073 | D:2      | Reached XP level 4. HP: 38/40 MP: 3/5
  1539 | D:3      | Found Cikul's Weapon Boutique.
  1597 | D:3      | Found a faded altar of an unknown god.
  1636 | D:3      | Reached skill level 1 in Evocations
  2176 | D:4      | Noticed an ogre
  2177 | D:4      | Became a worshipper of Beogh the Brigand
  2269 | D:4      | Noticed a scorpion
  2362 | D:4      | Noticed an ogre
  2396 | D:3      | Annihilated by an ogre

Illustrated notes

Levels and vault maps discovered:
D:1:      minmay_arrival_semitransparent, layout_rooms, serial_shops, shop,
          nrook_mini_backslash, corexii_item_surrounded_by_moat
D:2:      layout_basic
D:3:      layout_basic, serial_shops, nicolae_shop_hallway_plus,
          ebering_ecumenical_altar_webs
D:4:      layout_cave_pools, mainiacjoe_overflow_alcove_3,
          mainiacjoe_overflow_boulevard, mrwooster_statue_mirror,
          minmay_misc_feat_four_crosses

Skill      XL: |  1  2  3  4 |
---------------+-------------+-----
Axes           | 3 4 |  4.2
Invocations    | 1 2 |  2.0
Fighting       | 4 |  4.1
Evocations     | 1 |  1.1
Armour         | |  3.7
Shields        | |  3.7

Action                   |  1- 3 |  4- 6 || total
-------------------------+-------+-------++-------
Melee: War axe           |   108 |    70 ||   178
Throw: Boomerang         |       |     1 ||     1
Invok: Convert to Beogh  |       |     1 ||     1
  Use: Scroll            |       |     1 ||     1
       Potion            |       |     1 ||     1
Armor: Scale mail        |    45 |    41 ||    86
Dodge: Dodged            |    58 |    44 ||   102
Block: Buckler           |    26 |    31 ||    57

Table legend: (Time is in decaauts)
 A = Elapsed time spent in this place.
 B = Non-inter-level travel time spent in this place.
 C = Inter-level travel time spent in this place.
 D = Time resting spent in this place.
 E = Time spent auto-exploring this place.
 F = Levels seen in this place.
 G = Mean time per level.
                   A        B        C        D        E       F      G
               +--------+--------+--------+--------+--------+-----+--------+
         Total |   2455 |   2252 |    203 |    125 |   1489 |   4 |  613.8 |
       Dungeon |   2455 |   2252 |    203 |    125 |   1489 |   4 |  613.8 |
               +--------+--------+--------+--------+--------+-----+--------+

Top non-repeatable levels by time:
     D:3: 869 daAuts
     D:1: 823 daAuts
     D:2: 633 daAuts
     D:4: 130 daAuts
